[Event "Wednesday Night Engine Tour 13 rd Swiss 3m+1s Starts at 2200hrs ST"]
[Site "Infinity Chess"]
[Date "2018.1.17"]
[Round "4"]
[White "star99"]
[Black "ocirema"]
[Result "1/2-1/2"]
[ECO "E40"]
[WhiteElo "2487"]
[BlackElo "2490"]
[WhiteEngine "Cryptic AIL V1"]
[BlackEngine "stockfish_18011309_x64_modern_CTG"]
[EventType "Swiss"]
[WhiteTeam ""]
[BlackTeam ""]
[PlyCount "70"]
[TimeControl "180+1"]

1. d4 Nf6 2. c4 e6 3. Nc3 Bb4 4. e3 O-O 5. Bd3 d5 6. Nf3 dxc4 7. Bxc4 c5 
8. O-O cxd4 9. exd4 b6 10. Qe2 Bb7 11. Rd1 Bxc3 12. bxc3 Qc7 13. Bd3 Qxc3 
14. Bb2 Qc7 15. Rac1 Qe7 16. Ne5 h6 17. Re1 Qd6 18. Qe3 Nc6 19. Nxc6 Bxc6 
20. d5 Nxd5 21. Qd4 f6 22. Qe4 f5 23. Qxe6+ Qxe6 24. Rxe6 Nf4 25. Rcxc6 Nxd3 
26. Bxg7 Kxg7 27. Rg6+ Kh7 28. Rxh6+ Kg8 29. Rcg6+ Kf7 30. Rf6+ Kg8 
31. Rfg6+ Kf7 32. Rf6+ Kg8 33. Rhg6+ Kh8 34. Rh6+ Kg7 35. Rfg6+ Kf7 1/2-1/2

[Event "Wednesday Night Engine Tour 13 rd Swiss 3m+1s Starts at 2200hrs ST"]
[Site "Infinity Chess"]
[Date "2018.1.17"]
[Round "3"]
[White "RonWeasley"]
[Black "MGR"]
[Result "1/2-1/2"]
[ECO "C53"]
[WhiteElo "2502"]
[BlackElo "2484"]
[WhiteEngine "BrainFish 130117_CTG"]
[BlackEngine "raubfisch me262_gtz16b3."]
[EventType "Swiss"]
[WhiteTeam ""]
[BlackTeam ""]
[PlyCount "130"]
[TimeControl "180+1"]

1. e4 e5 2. Nf3 Nc6 3. Bc4 Bc5 4. c3 Nf6 5. d3 d6 6. Bb3 a6 7. Nbd2 O-O 
8. O-O Ba7 9. a4 h6 10. Re1 Nh5 11. Nf1 Qf6 12. a5 g5 13. h3 g4 14. hxg4 Bxg4 
15. N1h2 Bd7 16. Bd5 Kh7 17. d4 Rae8 18. Be3 Rg8 19. Kh1 Nf4 20. g3 Nh3 
21. Qd2 Bg4 22. Kg2 Bc8 23. Rh1 Rg6 24. Nf1 Reg8 25. Rh2 Nf4+ 26. Bxf4 exf4 
27. Re1 Rg4 28. b4 Kg7 29. Rh3 Kf8 30. e5 dxe5 31. dxe5 Qd8 32. e6 Bxe6 
33. Bxe6 Qxd2 34. N3xd2 fxe6 35. Rxe6 fxg3 36. Nxg3 Rf4 37. Nf3 Nd8 
38. Rexh6 Nf7 39. R3h4 Rxh4 40. Rxh4 c5 41. Kf1 Ke7 42. Ke2 Nd6 43. Ne5 cxb4 
44. cxb4 Kd8 45. Rh5 Rf8 46. Nd3 Re8+ 47. Kd1 Kc7 48. Kc2 Nb5 49. Rh4 Nd4+ 
50. Kb2 Nf3 51. Rf4 Ne5 52. Kc3 Nxd3 53. Kxd3 Rd8+ 54. Kc4 b6 55. Rf7+ Rd7 
56. axb6+ Bxb6 57. Rf4 a5 58. bxa5 Bxa5 59. Ne4 Rd8 60. Rf7+ Rd7 61. Rf5 Bb6 
62. Nc3 Rd4+ 63. Kb5 Rd7 64. Nd5+ Rxd5+ 65. Rxd5 Bxf2 1/2-1/2

[Event "Wednesday Night Engine Tour 13 rd Swiss 3m+1s Starts at 2200hrs ST"]
[Site "Infinity Chess"]
[Date "2018.1.17"]
[Round "3"]
[White "miguello"]
[Black "denochss"]
[Result "1/2-1/2"]
[ECO "D31"]
[WhiteElo "2416"]
[BlackElo "2502"]
[WhiteEngine "stockfish_18011309_x64_modern_CTG"]
[BlackEngine "BrainFish_171111_x64_bmi2"]
[EventType "Swiss"]
[WhiteTeam ""]
[BlackTeam ""]
[PlyCount "84"]
[TimeControl "180+1"]

1. d4 d5 2. c4 e6 3. Nc3 c6 4. Nf3 Nf6 5. Bg5 h6 6. Bh4 dxc4 7. e4 g5 8. Bg3 b5 
9. Be2 Bb7 10. O-O Nbd7 11. Ne5 Bg7 12. Nxd7 Nxd7 13. Bd6 a6 14. e5 c5 
15. d5 Nxe5 16. dxe6 Nd3 17. exf7+ Kxf7 18. Bxd3 cxd3 19. Qxd3 Qd7 20. Rad1 Rad8 
21. Qg3 Qf5 22. f4 g4 23. Be5 Rhe8 24. Bxg7 Rxd1 25. Nxd1 Re2 26. Ne3 Qe4 
27. Re1 Rxe1+ 28. Qxe1 Kxg7 29. Qc3+ Kg8 30. Qxc5 Qxf4 31. Qe7 Kh8 32. Qe6 h5 
33. Qe8+ Kg7 34. Qe7+ Kg8 35. a3 Kh8 36. Qc5 Kg8 37. g3 Qf3 38. Qg5+ Kf8 
39. Qc5+ Kg8 40. Qg5+ Kf8 41. Qc5+ Kg7 42. Qg5+ Kf8 1/2-1/2

[Event "Wednesday Night Engine Tour 13 rd Swiss 3m+1s Starts at 2200hrs ST"]
[Site "Infinity Chess"]
[Date "2018.1.17"]
[Round "3"]
[White "avilllaa"]
[Black "Dovahkiin"]
[Result "1/2-1/2"]
[ECO "D31"]
[WhiteElo "2502"]
[BlackElo "2429"]
[WhiteEngine "Cryptic AIL V1"]
[BlackEngine "corchess_x64_modern_CTG"]
[EventType "Swiss"]
[WhiteTeam ""]
[BlackTeam ""]
[PlyCount "37"]
[TimeControl "180+1"]

1. d4 d5 2. c4 e6 3. Nc3 c6 4. e4 dxe4 5. Nxe4 Bb4+ 6. Bd2 Qxd4 7. Bxb4 Qxe4+ 
8. Be2 Na6 9. Ba5 b6 10. Qd6 Bd7 11. Bc3 f6 12. Rd1 O-O-O 13. Qa3 Kb7 14. Nf3 e5 
15. Rd2 Qb1+ 16. Bd1 Qe4+ 17. Be2 Qb1+ 18. Rd1 Qe4 19. Rd2 1/2-1/2

[Event "Wednesday Night Engine Tour 13 rd Swiss 3m+1s Starts at 2200hrs ST"]
[Site "Infinity Chess"]
[Date "2018.1.17"]
[Round "3"]
[White "OlivierEvan"]
[Black "ocirema"]
[Result "0-1"]
[ECO "A05"]
[WhiteElo "2463"]
[BlackElo "2474"]
[WhiteEngine "Houdini 6"]
[BlackEngine "stockfish_18011309_x64_modern_CTG"]
[EventType "Swiss"]
[WhiteTeam ""]
[BlackTeam ""]
[PlyCount "154"]
[TimeControl "180+1"]

1. Nf3 Nf6 2. g3 d5 3. Bg2 c5 4. O-O e6 5. c4 d4 6. d3 Nc6 7. e3 Bd6 
8. exd4 cxd4 9. Na3 O-O 10. Nc2 e5 11. b4 a6 12. Re1 Re8 13. a4 Bf5 14. Ba3 Rc8 
15. Nh4 Bg4 16. Qd2 b5 17. c5 Bb8 18. Bb2 Qd7 19. axb5 axb5 20. f4 exf4 
21. gxf4 Nd5 22. Bxd5 Rxe1+ 23. Rxe1 Qxd5 24. Qg2 Qxg2+ 25. Kxg2 Bxf4 
26. Nf3 Bxf3+ 27. Kxf3 Be5 28. Ra1 h5 29. h4 f6 30. Ke4 Kf7 31. Kd5 Ne7+ 
32. Ke4 Nc6 33. Kd5 Bb8 34. Ra6 Ne7+ 35. Ke4 Re8 36. Kf3 Nf5 37. Nxd4 Re3+ 
38. Kg2 Nxh4+ 39. Kf2 Bf4 40. Ra3 Rh3 41. Bc3 g5 42. Ra6 g4 43. Nf5 Rf3+ 
44. Ke2 Nxf5 45. Rxf6+ Ke7 46. Rxf5 h4 47. Bd2 Bxd2 48. Rh5 Bc3 49. Rxh4 Rf4 
50. Rh7+ Kd8 51. Rh6 Rxb4 52. Rg6 Kc7 53. Kd1 Rf4 54. Kc2 Bd4 55. Kd1 Bxc5 
56. Kd2 Bd6 57. Kc3 b4+ 58. Kc2 Kc6 59. Kb3 Rd4 60. Kc2 g3 61. Rg8 Rf4 
62. Kb3 Rf2 63. Kc4 Rc2+ 64. Kb3 Rc3+ 65. Ka2 Rxd3 66. Kb2 b3 67. Rg5 Rf3 
68. Rg6 Kd5 69. Rg5+ Be5+ 70. Ka3 b2+ 71. Ka2 Rf1 72. Rxe5+ Kxe5 73. Kxb2 Rf3 
74. Kc2 g2 75. Kd2 g1=Q 76. Ke2 Qg2+ 77. Kd1 Rf1# 0-1

[Event "Wednesday Night Engine Tour 13 rd Swiss 3m+1s Starts at 2200hrs ST"]
[Site "Infinity Chess"]
[Date "2018.1.17"]
[Round "3"]
[White "marudam"]
[Black "Cepri"]
[Result "1/2-1/2"]
[ECO "C55"]
[WhiteElo "2488"]
[BlackElo "2484"]
[WhiteEngine "stockfish291217_CTG"]
[BlackEngine "asmFishW_12J18Mb_CTG"]
[EventType "Swiss"]
[WhiteTeam ""]
[BlackTeam ""]
[PlyCount "117"]
[TimeControl "180+1"]

1. e4 e5 2. Nf3 Nc6 3. Bc4 Nf6 4. d3 Bc5 5. c3 d6 6. O-O a5 7. Bg5 Ba7 8. Bh4 h6 
9. Na3 O-O 10. Nc2 Be6 11. b3 a4 12. Rb1 axb3 13. axb3 Bb6 14. Re1 Re8 
15. Bxe6 Rxe6 16. Qe2 Ne7 17. Ra1 Ng6 18. Bxf6 Rxf6 19. g3 Rxa1 20. Rxa1 Qc8 
21. Ne3 Bxe3 22. Qxe3 Qg4 23. Ne1 Nf4 24. f3 Nh3+ 25. Kh1 Qd7 26. b4 c6 
27. c4 Ng5 28. f4 Qh3 29. Ng2 Ne6 30. f5 Nd4 31. Kg1 d5 32. c5 Nc2 33. Ra8+ Kh7 
34. Qf2 Nd4 35. Ne3 g6 36. fxg6+ Kxg6 37. Rg8+ Kh7 38. Qxf6 Kxg8 39. exd5 Ne2+ 
40. Kf2 Qxh2+ 41. Kf3 e4+ 42. Kxe4 Nxg3+ 43. Kf3 Qe2+ 44. Kxg3 Qxe3+ 
45. Kg4 Qxd3 46. dxc6 Qe4+ 47. Kh5 bxc6 48. Kxh6 Qh1+ 49. Kg5 Qg2+ 50. Kf4 Qf1+ 
51. Ke5 Qa1+ 52. Kf5 Qb1+ 53. Ke5 Qa1+ 54. Kf5 Qb1+ 55. Kg5 Qxb4 56. Qxc6 Kf8 
57. Kf5 Qd2 58. Ke5 Ke7 59. Qc7+ 1/2-1/2

[Event "Wednesday Night Engine Tour 13 rd Swiss 3m+1s Starts at 2200hrs ST"]
[Site "Infinity Chess"]
[Date "2018.1.17"]
[Round "3"]
[White "KhalidOmar"]
[Black "Thinker"]
[Result "1/2-1/2"]
[ECO "A46"]
[WhiteElo "2508"]
[BlackElo "2496"]
[WhiteEngine "Eman SL 1.63 64-bit BMI2"]
[BlackEngine "BrainFish_180113_x64_modern_CTG"]
[EventType "Swiss"]
[WhiteTeam ""]
[BlackTeam ""]
[PlyCount "193"]
[TimeControl "180+1"]

1. d4 Nf6 2. Nf3 d5 3. c4 e6 4. Nc3 Be7 5. Bf4 O-O 6. e3 Nbd7 7. a3 c5 
8. cxd5 Nxd5 9. Nxd5 exd5 10. dxc5 Nxc5 11. Be5 Bf5 12. Be2 Rc8 13. O-O Ne6 
14. Rc1 Rxc1 15. Qxc1 Qd7 16. Qd2 Rc8 17. Rc1 Rxc1+ 18. Qxc1 Be4 19. Nd2 Bf5 
20. Nf3 Be4 21. b4 b6 22. Qc3 Qa4 23. Nd4 Nxd4 24. Qc8+ Bf8 25. exd4 Qc2 
26. Qxc2 Bxc2 27. Ba6 g6 28. Kf1 Bg7 29. Ke2 Bxe5 30. dxe5 d4 31. Bd3 Bb3 
32. Bb5 Bc2 33. Bd3 Bb3 34. Ba6 Bc2 35. g4 Kf8 36. Kd2 Be4 37. Bd3 Bc6 
38. b5 Bd7 39. g5 Be6 40. Bf1 Bf5 41. Bc4 Ke7 42. f3 Kf8 43. Kd1 Ke8 44. Ke1 Kf8 
45. Kd2 Ke7 46. Bd3 Be6 47. f4 Kf8 48. Be4 Bc4 49. Bd3 Be6 50. Bf1 Bf5 
51. Bc4 Kg7 52. Bb3 Kf8 53. Bc2 Be6 54. Kd3 Bf5+ 55. Kd2 Be6 56. h4 Bc4 
57. Bd3 Be6 58. Kc2 Kg7 59. Bf1 Bf5+ 60. Kb3 Be6+ 61. Kc2 Bf5+ 62. Kb3 Be6+ 
63. Bc4 Bd7 64. Kb4 Bf5 65. Be2 Be6 66. Bc4 Bf5 67. Ba2 Bd3 68. e6 fxe6 
69. Bxe6 Kf8 70. a4 Ke7 71. Bg8 Kf8 72. Bd5 Ke7 73. Bg8 Kf8 74. Ba2 Ke7 
75. Bc4 Be4 76. Bg8 Kf8 77. Bb3 Bd3 78. Bd5 Ke7 79. Kb3 a5 80. bxa6 Bxa6 
81. Kc2 Bc8 82. Kd3 Bf5+ 83. Kxd4 Bc2 84. Ke5 Bxa4 85. f5 gxf5 86. h5 Be8 
87. h6 Bg6 88. Bc6 Kf8 89. Ba4 Ke7 90. Bd1 b5 91. Bc2 b4 92. Kd5 b3 
93. Bxb3 Bf7+ 94. Ke5 Bxb3 95. g6 Bg8 96. Kxf5 Ba2 97. Kf4 1/2-1/2

[Event "Wednesday Night Engine Tour 13 rd Swiss 3m+1s Starts at 2200hrs ST"]
[Site "Infinity Chess"]
[Date "2018.1.17"]
[Round "3"]
[White "Vimtiroba"]
[Black "BraveDevil"]
[Result "1/2-1/2"]
[ECO "B52"]
[WhiteElo "2530"]
[BlackElo "2517"]
[WhiteEngine "SF@Infinity T1_CTG"]
[BlackEngine "Cryptic AIL V1"]
[EventType "Swiss"]
[WhiteTeam ""]
[BlackTeam ""]
[PlyCount "134"]
[TimeControl "180+1"]

1. e4 c5 2. Nf3 d6 3. Bb5+ Bd7 4. Bxd7+ Qxd7 5. O-O Nc6 6. d4 cxd4 7. Nxd4 Nf6 
8. Re1 e6 9. c4 Be7 10. Nc3 O-O 11. Nxc6 Qxc6 12. Qe2 a6 13. Bd2 Bd8 14. b3 Ba5 
15. Rad1 Rac8 16. h3 Rfe8 17. Qd3 Bb4 18. Re3 Red8 19. Rg3 g6 20. Re3 Re8 
21. Ree1 Nd7 22. Ne2 Nc5 23. Qc2 Bxd2 24. Nd4 Qc7 25. Qxd2 Kg7 26. f3 Red8 
27. Nc2 b5 28. Ne3 Kg8 29. Qc3 h5 30. Re2 Nd7 31. Qd4 Nb8 32. f4 bxc4 
33. Qxc4 Qa7 34. Qd4 Qxd4 35. Rxd4 Rc1+ 36. Kf2 Nc6 37. Ra4 a5 38. Rd2 Rc5 
39. Rc4 Rxc4 40. Nxc4 d5 41. exd5 exd5 42. Nb6 d4 43. Ke2 Rd6 44. Nc4 Re6+ 
45. Kd3 Kg7 46. Ne5 Nxe5+ 47. fxe5 Rxe5 48. Kxd4 Kf6 49. a3 Ke6 50. Kc4 Re3 
51. b4 Rxa3 52. b5 a4 53. Kc5 Rc3+ 54. Kb4 Rc1 55. Kxa4 g5 56. b6 Rb1 57. Ka5 f5 
58. g3 f4 59. gxf4 gxf4 60. Ka6 f3 61. b7 h4 62. Ka7 Ra1+ 63. Kb6 Rb1+ 
64. Kc7 Rc1+ 65. Kb6 Rb1+ 66. Ka7 Ra1+ 67. Kb6 Rb1+ 1/2-1/2

[Event "Wednesday Night Engine Tour 13 rd Swiss 3m+1s Starts at 2200hrs ST"]
[Site "Infinity Chess"]
[Date "2018.1.17"]
[Round "3"]
[White "Victorious"]
[Black "ludimilojko"]
[Result "1/2-1/2"]
[ECO "C55"]
[WhiteElo "2568"]
[BlackElo "2341"]
[WhiteEngine "BugChess2.41_Release"]
[BlackEngine "CorChess 2.0_x64_CTG"]
[EventType "Swiss"]
[WhiteTeam ""]
[BlackTeam ""]
[PlyCount "100"]
[TimeControl "180+1"]

1. e4 e5 2. Nf3 Nc6 3. Bc4 Nf6 4. d3 Bc5 5. O-O O-O 6. c3 d6 7. Bg5 h6 8. Bh4 a6 
9. a4 g5 10. Bg3 Ba7 11. h3 Nh5 12. Kh1 Kg7 13. Bh2 g4 14. hxg4 Bxg4 
15. Nbd2 Qf6 16. Bd5 Rab8 17. d4 exd4 18. Bxc6 bxc6 19. Qc2 d3 20. Qxd3 Rxb2 
21. e5 Qf5 22. Qxf5 Bxf5 23. exd6 cxd6 24. Nc4 Rxf2 25. Nxd6 Be6 26. Ne5 Re2 
27. Rae1 Rxe1 28. Rxe1 Bf2 29. Rd1 Ng3+ 30. Bxg3 Bxg3 31. Nxc6 Bd7 32. a5 h5 
33. Nb4 Bg4 34. Rd5 Rb8 35. Kg1 f6 36. Nf5+ Bxf5 37. Rxf5 Kg6 38. Rf1 Be5 
39. Rc1 Rb5 40. Nxa6 Rxa5 41. Nb4 Ra4 42. Kf2 h4 43. Rc2 Bxc3 44. Rxc3 Rxb4 
45. Kg1 Rb8 46. Ra3 Kg5 47. Kh2 f5 48. Ra5 Kg4 49. Ra6 f4 50. Rg6+ Kf5 1/2-1/2

[Event "Wednesday Night Engine Tour 13 rd Swiss 3m+1s Starts at 2200hrs ST"]
[Site "Infinity Chess"]
[Date "2018.1.17"]
[Round "3"]
[White "jery"]
[Black "Gilgamesch"]
[Result "1/2-1/2 "]
[ECO "D02"]
[WhiteElo "2445"]
[BlackElo "2577"]
[WhiteEngine "stockfish_18011309_x64_modern_CTG"]
[BlackEngine "BrainFish_171005_x64_bmi2"]
[EventType "Swiss"]
[WhiteTeam ""]
[BlackTeam ""]
[PlyCount "392"]
[TimeControl "180+1"]

1. d4 d5 2. Nf3 Nf6 3. c4 e6 4. Nc3 c6 5. e3 Nbd7 6. Qc2 Bd6 7. Bd3 O-O 
8. O-O dxc4 9. Bxc4 b5 10. Bd3 Bb7 11. a3 Re8 12. h3 e5 13. Ne4 Nxe4 14. Bxe4 g6 
15. Bd2 Qe7 16. Rfe1 a5 17. Rad1 b4 18. Bc1 Rac8 19. axb4 Bxb4 20. Bd2 f5 
21. Bd3 e4 22. Bc4+ Kh8 23. Ne5 Nxe5 24. dxe5 Qxe5 25. b3 Kg7 26. Bc1 Qe7 
27. Bb2+ Kh6 28. Rf1 Rcd8 29. Qc1 g5 30. g4 Bc8 31. Be2 Qc7 32. Rxd8 Rxd8 
33. Qc4 Rd5 34. Rc1 Be6 35. gxf5 Rd1+ 36. Rxd1 Bxc4 37. Bxc4 Bc5 38. Kg2 Bd6 
39. Be6 Qb8 40. Bf6 Kh5 41. Bc3 Qc7 42. Bd4 Qe7 43. Ba1 Qc7 44. Bd4 Qb7 
45. Bb2 Qe7 46. Ba1 Qc7 47. f6 Kg6 48. Rd4 Be5 49. f7 Bxd4 50. f8=Q Bxa1 
51. Bf5+ Kh5 52. Bxe4 Qd7 53. Bf3+ Kg6 54. Qa8 Bc3 55. Bxc6 Qe7 56. Be4+ Kg7 
57. Qd5 h5 58. Qf5 h4 59. Qg6+ Kf8 60. Bd5 Qf6 61. Qg8+ Ke7 62. Be4 Be1 
63. Bf3 Bb4 64. Qb8 Be1 65. Qa8 Kf7 66. Qd5+ Kg7 67. Qd7+ Kf8 68. Qc7 Bc3 
69. Be4 Bb4 70. Bf3 Qe7 71. Qc4 Kg7 72. Bh5 Bd6 73. Qc6 Qe5 74. Kf1 Qa1+ 
75. Kg2 Qe5 76. Qb7+ Be7 77. Be2 Kh8 78. Bc4 Kg7 79. Qf3 Kh6 80. Bd3 Kg7 
81. Bc4 Kh6 82. Qf7 Qe4+ 83. Kg1 Bb4 84. Qf6+ Qg6 85. Qd8 Qb1+ 86. Bf1 Kg6 
87. Qd4 Kf7 88. Qg4 Kf6 89. Qd4+ Ke6 90. Qg7 Be7 91. Qh6+ Kf7 92. Qc6 Bb4 
93. Qd7+ Kf6 94. Qd8+ Kf5 95. Qb6 Qd1 96. Qh6 Be7 97. Qh7+ Ke6 98. Qg6+ Bf6 
99. Qe8+ Kd6 100. Qb8+ Ke7 101. Qg8 Qd7 102. Qh7+ Kd8 103. Qg8+ Ke7 104. Bc4 Qf5 
105. e4 Qe5 106. Qa8 Qd4 107. Bb5 Kf7 108. Be8+ Kf8 109. Bd7+ Kg7 110. Be6 Qd8 
111. Qb7+ Qe7 112. Qc8 Kh6 113. Qc6 Kg7 114. Qd5 Qc7 115. Kg2 Kh6 116. Kf1 Qc1+ 
117. Kg2 Qc7 118. Bf5 Kg7 119. Kf1 Be5 120. Kg1 Bb2 121. Qe6 Bf6 122. Qd5 Qc1+ 
123. Kg2 Qc7 124. Qe6 Qe7 125. Qb6 Qe5 126. Qa7+ Be7 127. Qb6 Bd6 128. Qd8 Be7 
129. Qe8 Bf6 130. Qg6+ Kf8 131. Qh6+ Ke7 132. Bg6 Kd7 133. Qf8 Be7 134. Qa8 Bd8 
135. b4 axb4 136. Qa4+ Kc7 137. Qa7+ Kd6 138. Qb8+ Bc7 139. Qxb4+ Ke6 
140. Qc4+ Kd6 141. Qb4+ Kd7 142. Bf5+ Ke8 143. Bg6+ Kd7 144. Qa4+ Kd8 
145. Qb3 Bd6 146. Bf5 Ke7 147. Qg8 Qf6 148. Bg6 Kd7 149. Qh7+ Kc6 150. Be8+ Kb6 
151. Qd7 Be5 152. Qb5+ Kc7 153. Bd7 Bd4 154. Bf5 Qd6 155. Bg4 Bc5 156. Qa5+ Kb8 
157. Qa2 Qe5 158. Qg8+ Kb7 159. Qc8+ Kb6 160. Qd8+ Ka7 161. Qa5+ Kb8 
162. Qa4 Kc7 163. Qc4 Kd8 164. Qg8+ Kc7 165. Qf7+ Kb6 166. Qf3 Kc7 167. Qf7+ Kb6 
168. Qg6+ Kc7 169. Bh5 Qf4 170. Qg7+ Kd6 171. Bf3 Bxf2 172. e5+ Qxe5 
173. Qxe5+ Kxe5 174. Kxf2 Kf4 175. Bh5 Ke4 176. Bg4 Kf4 177. Bd1 Ke4 
178. Bh5 Kf4 179. Be2 Ke4 180. Ba6 Kf4 181. Be2 Ke4 182. Ba6 Kf4 183. Bc8 Ke4 
184. Bg4 Kd3 185. Kf3 Kd4 186. Bd7 Ke5 187. Bc8 Kd4 188. Kg4 Ke4 189. Bd7 Kd4 
190. Ba4 Ke5 191. Bd1 Ke6 192. Kf3 Kf6 193. Bc2 Kf7 194. Bd3 Kf6 195. Kg4 Kg7 
196. Kf5 Kf7 1/2-1/2

[Event "Wednesday Night Engine Tour 13 rd Swiss 3m+1s Starts at 2200hrs ST"]
[Site "Infinity Chess"]
[Date "2018.1.17"]
[Round "3"]
[White "Eman"]
[Black "star99"]
[Result "1/2-1/2 "]
[ECO "E00"]
[WhiteElo "2519"]
[BlackElo "2486"]
[WhiteEngine "Eman SL 1.63 64-bit POPCNT"]
[BlackEngine "Cryptic AIL V1"]
[EventType "Swiss"]
[WhiteTeam ""]
[BlackTeam ""]
[PlyCount "190"]
[TimeControl "180+1"]

1. d4 Nf6 2. c4 e6 3. g3 Be7 4. Nf3 d5 5. Bg2 O-O 6. O-O dxc4 7. Qc2 a6 
8. a4 Bd7 9. Qxc4 Bc6 10. Bg5 Bd5 11. Qd3 c5 12. dxc5 Nbd7 13. Nc3 Nxc5 
14. Qe3 Rc8 15. Rfd1 h6 16. Nxd5 exd5 17. Bxf6 Bxf6 18. Ne5 Re8 19. Rxd5 Qb6 
20. Rb1 Nxa4 21. Qe4 g6 22. Qxa4 Rxe5 23. Rxe5 Bxe5 24. Qe4 Qb5 25. Qxb7 Rc2 
26. e3 Bxb2 27. Qe4 Qe2 28. Rf1 Kg7 29. Bf3 Qc4 30. Qxc4 Rxc4 31. Be2 Rc6 
32. Rd1 a5 33. Rd7 Ba3 34. Ra7 Bb4 35. g4 Re6 36. Kf1 Re4 37. Ra8 Kf6 38. h3 Re7 
39. h4 Rd7 40. Bb5 Rd1+ 41. Kg2 Rb1 42. Bc4 Rc1 43. Bb3 Rb1 44. Bd5 Rd1 
45. Bb3 Rb1 46. Ba4 Rb2 47. Ra6+ Kg7 48. Rb6 Bc3 49. Rxb2 Bxb2 50. h5 gxh5 
51. gxh5 f5 52. Bd7 Kf6 53. f4 Bc3 54. Ba4 Bb4 55. Kg3 Be1+ 56. Kg2 Bd2 
57. Kf2 Bc1 58. Bd7 Bd2 59. Bc6 Kg7 60. Ba4 Bb4 61. Ke2 Kf6 62. Bc2 Ba3 
63. Kf2 Bc1 64. Bb3 Ke7 65. Ba4 Kf7 66. Bb5 Kf6 67. Ke2 Bb2 68. Ba4 Ke7 
69. Kf3 Ba3 70. Bc2 Kf6 71. Bb3 Ke7 72. Bd1 Bb4 73. e4 fxe4+ 74. Kxe4 Bc3 
75. Ba4 Kd6 76. Bc2 Bb4 77. Kf3 Bd2 78. Bb3 Kc5 79. Ba4 Kb4 80. Be8 a4 
81. Ke4 a3 82. Bf7 Kc5 83. Ke5 Kc6 84. Ba2 Kd7 85. Kf5 Bc1 86. Bb1 Kd6 
87. Ba2 Bb2 88. Bb1 Bd4 89. Ba2 Bc3 90. Bb1 Ba1 91. Kg6 Ke6 92. Ba2+ Ke7 
93. f5 Bb2 94. Bb3 Bd4 95. Bc4 Bc3 1/2-1/2

[Event "Wednesday Night Engine Tour 13 rd Swiss 3m+1s Starts at 2200hrs ST"]
[Site "Infinity Chess"]
[Date "2018.1.17"]
[Round "2"]
[White "incredible"]
[Black "RonWeasley"]
[Result "1/2-1/2"]
[ECO "E10"]
[WhiteElo "2499"]
[BlackElo "2502"]
[WhiteEngine "Stockfish_x64_bmi2"]
[BlackEngine "BrainFish 130117_CTG"]
[EventType "Swiss"]
[WhiteTeam ""]
[BlackTeam ""]
[PlyCount "89"]
[TimeControl "180+1"]

1. d4 Nf6 2. c4 e6 3. Nf3 d5 4. Nc3 c6 5. Bg5 h6 6. Bxf6 Qxf6 7. e3 Nd7 
8. Bd3 dxc4 9. Bxc4 g6 10. O-O Bg7 11. e4 e5 12. d5 Nb6 13. Nd2 Nxc4 
14. Nxc4 O-O 15. Qe2 Rd8 16. a3 Bd7 17. Rad1 cxd5 18. Nxd5 Qg5 19. Nce3 h5 
20. Qc4 Bc6 21. Nb4 Rd4 22. Rxd4 exd4 23. Ned5 Bxd5 24. Nxd5 Qe5 25. Re1 Rd8 
26. g3 Qe6 27. Qb5 Qd7 28. Qd3 Be5 29. Qb3 h4 30. f4 Bg7 31. gxh4 Kh7 32. Qg3 f5 
33. h5 gxh5 34. Qg5 fxe4 35. Qxh5+ Kg8 36. Rxe4 d3 37. Re7 Bd4+ 38. Kf1 Qxd5 
39. Re8+ Kg7 40. Qg4+ Kf6 41. Qg5+ Kf7 42. Qg8+ Kf6 43. Qg5+ Kf7 44. Qg8+ Kf6 
45. Qg5+ 1/2-1/2

[Event "Wednesday Night Engine Tour 13 rd Swiss 3m+1s Starts at 2200hrs ST"]
[Site "Infinity Chess"]
[Date "2018.1.17"]
[Round "2"]
[White "avilllaa"]
[Black "denochss"]
[Result "1/2-1/2"]
[ECO "D31"]
[WhiteElo "2504"]
[BlackElo "2500"]
[WhiteEngine "Cryptic AIL V1"]
[BlackEngine "BrainFish_171111_x64_bmi2"]
[EventType "Swiss"]
[WhiteTeam ""]
[BlackTeam ""]
[PlyCount "61"]
[TimeControl "180+1"]

1. d4 d5 2. c4 e6 3. Nc3 c6 4. e4 dxe4 5. Nxe4 Bb4+ 6. Bd2 Qxd4 7. Bxb4 Qxe4+ 
8. Be2 Na6 9. Ba5 b6 10. Qd6 Bd7 11. Bc3 f6 12. O-O-O O-O-O 13. Qa3 Kb7 
14. Bf3 Qf4+ 15. Rd2 Qc7 16. Ne2 e5 17. Ng3 Nh6 18. Rhd1 Bg4 19. Bxg4 Nxg4 
20. Ne4 Rxd2 21. Rxd2 Rd8 22. c5 Rxd2 23. Bxd2 Nxc5 24. Nxc5+ bxc5 25. Qxc5 Nxh2 
26. Be3 Ka8 27. Qf8+ Kb7 28. Qc5 Ka8 29. Qf8+ Kb7 30. Qb4+ Ka8 31. Qf8+ 1/2-1/2

[Event "Wednesday Night Engine Tour 13 rd Swiss 3m+1s Starts at 2200hrs ST"]
[Site "Infinity Chess"]
[Date "2018.1.17"]
[Round "2"]
[White "Dovahkiin"]
[Black "miguello"]
[Result "1/2-1/2"]
[ECO "A00"]
[WhiteElo "2430"]
[BlackElo "2415"]
[WhiteEngine "corchess_x64_modern_CTG"]
[BlackEngine "stockfish_18011309_x64_modern_CTG"]
[EventType "Swiss"]
[WhiteTeam ""]
[BlackTeam ""]
[PlyCount "130"]
[TimeControl "180+1"]

1. e3 e5 2. e4 Nf6 3. Nc3 Bb4 4. Nf3 Nc6 5. Nd5 Ba5 6. c3 O-O 7. a4 Bb6 8. d3 h6 
9. Be2 d6 10. O-O Re8 11. Re1 Ng4 12. Nxb6 axb6 13. h3 Nf6 14. Qc2 b5 
15. Be3 Rxa4 16. Rxa4 bxa4 17. Qxa4 Bd7 18. Qc2 Qa8 19. b4 Ne7 20. d4 Ng6 
21. dxe5 dxe5 22. Nd2 Be6 23. Qb2 b6 24. Ra1 Qb7 25. c4 Ra8 26. f3 Rxa1+ 
27. Qxa1 Qb8 28. Bf1 Qd8 29. g3 Nd7 30. Nb1 Ne7 31. Nc3 f5 32. Bf2 Kh8 
33. Nd5 fxe4 34. fxe4 Kg8 35. Qa7 Nxd5 36. exd5 Bf7 37. Qa1 Qe8 38. Qa4 Qe7 
39. Qa8+ Be8 40. g4 Nf6 41. Bh4 Kh7 42. Qa1 Bg6 43. b5 Qf8 44. Qxe5 Ne4 
45. Qd4 Qa3 46. Kg2 Qa2+ 47. Bf2 Kg8 48. h4 Nd2 49. Be2 Ne4 50. Qe3 Nd6 
51. Bf1 Nxc4 52. Qe6+ Kh7 53. h5 Bc2 54. g5 hxg5 55. h6 Nd6 56. hxg7 Kxg7 
57. Bd4+ Kf8 58. Kg1 Qa3 59. Qh6+ Ke8 60. Qe6+ Kf8 61. Bf6 Nf5 62. Qc8+ Kf7 
63. Qe6+ Kf8 64. Qc8+ Kf7 65. Qe6+ Kf8 1/2-1/2

[Event "Wednesday Night Engine Tour 13 rd Swiss 3m+1s Starts at 2200hrs ST"]
[Site "Infinity Chess"]
[Date "2018.1.17"]
[Round "2"]
[White "Thinker"]
[Black "marudam"]
[Result "1/2-1/2"]
[ECO "C50"]
[WhiteElo "2496"]
[BlackElo "2488"]
[WhiteEngine "BrainFish_180113_x64_modern_CTG"]
[BlackEngine "stockfish291217_CTG"]
[EventType "Swiss"]
[WhiteTeam ""]
[BlackTeam ""]
[PlyCount "92"]
[TimeControl "180+1"]

1. e4 e5 2. Nf3 Nc6 3. Bc4 Bc5 4. O-O Nf6 5. d3 a6 6. c3 d6 7. a4 O-O 8. Re1 h6 
9. h3 Be6 10. Bxe6 fxe6 11. b4 Ba7 12. Be3 Bxe3 13. Rxe3 Qe7 14. Nbd2 Nd7 
15. b5 Nd8 16. d4 Nf7 17. Re1 axb5 18. axb5 c5 19. bxc6 bxc6 20. Qc2 exd4 
21. cxd4 c5 22. Rxa8 Rxa8 23. Nb3 cxd4 24. Nbxd4 Qe8 25. Qc4 Nc5 26. e5 Nxe5 
27. Nxe5 Ra4 28. Qc3 dxe5 29. Rxe5 Qd7 30. Rxc5 Qxd4 31. Qxd4 Rxd4 32. Rc7 Kh7 
33. Rc6 Rd1+ 34. Kh2 Re1 35. h4 Re4 36. g3 g5 37. f3 Re3 38. h5 Rxf3 39. Rxe6 g4 
40. Re7+ Kg8 41. Re6 Kg7 42. Rg6+ Kh8 43. Rxh6+ Kg7 44. Rg6+ Kh7 45. Rxg4 Kh6 
46. Rh4 Rf2+ 1/2-1/2

[Event "Wednesday Night Engine Tour 13 rd Swiss 3m+1s Starts at 2200hrs ST"]
[Site "Infinity Chess"]
[Date "2018.1.17"]
[Round "2"]
[White "Eman"]
[Black "MGR"]
[Result "1-0 "]
[ECO "C53"]
[WhiteElo "2503"]
[BlackElo "2500"]
[WhiteEngine "Eman SL 1.63 64-bit POPCNT"]
[BlackEngine "raubfisch me262_gtz16b3."]
[EventType "Swiss"]
[WhiteTeam ""]
[BlackTeam ""]
[PlyCount "29"]
[TimeControl "180+1"]

1. e4 e5 2. Nf3 Nc6 3. Bc4 Bc5 4. c3 Nf6 5. d4 exd4 6. e5 d5 7. Bb5 Ne4 
8. cxd4 Bb6 9. O-O O-O 10. h3 f6 11. Nc3 fxe5 12. Bxc6 bxc6 13. Nxe4 dxe4 
14. Qb3+ Qd5 15. Nxe5 1-0